 Dungeon Crawl Stone Soup version 0.31-a0-4-gefa6de2278 (webtiles) character file.

Game seed: 3015730806588002248

728 garrulousMonolith the Carver (level 7, -4/54 (59) HPs)
             Began as a Gnoll Reaver on May 4, 2023.
             Was an Initiate of Nemelex Xobeh.
             Killed from afar by an orc wizard (6 damage)
             ... with a magic dart
             ... on level 4 of the Dungeon.
             The game lasted 00:07:50 (4414 turns).

garrulousMonolith the Carver (Gnoll Reaver)         Turns: 4414, Time: 00:07:50

HP:   -4/54 (59)    AC:  4    Str: 14    XL:     7   Next: 72%
MP:   17/17         EV: 13    Int: 12    God:    Nemelex Xobeh [......]
Gold: 75            SH:  0    Dex: 10    Spells: 13/19 levels left

rFire   . . .        a - +0 long sword (elec)
rCold   . . .        (no shield)
rNeg    . . .        c - +0 leather armour
rPois   .            (no helmet)
rElec   .            l - scarf {+Inv}
rCorr   .            (no gloves)
SInv    .            s - +0 pair of boots
Will    .....        (no amulet)
Stlth   +            j - ring of wizardry
HPRegen 0.29/turn    (no ring)
MPRegen 0.15/turn

%: wizardry (x1)
@: confused, attractive, hasted, drained, very quick
A: fangs 1, strong nose, distributed training
a: Renounce Religion, Evoke Invisibility, Draw Escape, Draw Destruction, Draw
Summoning


You were on level 4 of the Dungeon.
You worshipped Nemelex Xobeh.
Nemelex Xobeh was noncommittal.
You visited 1 branch of the dungeon, and saw 4 of its levels.

You collected 224 gold pieces.
You spent 149 gold pieces at shops.

Inventory:

Hand Weapons
 a - a +0 long sword of electrocution (weapon)
 b - a +0 sling
Missiles
 i - 2 poisoned darts (quivered)
Armour
 c - a +0 leather armour (worn)
 l - a scarf of invisibility (worn)
 s - a +0 pair of boots (worn)
Jewellery
 j - a ring of wizardry (left hand)
Wands
 r - a wand of flame (12)
Scrolls
 d - a scroll of fear {unknown}
 e - a scroll of enchant weapon {unknown}
 f - 2 scrolls of teleportation {unknown}
 g - a scroll of silence {unknown}
 h - a scroll of immolation {unknown}
 m - a scroll of noise {unknown}
 n - 3 scrolls of enchant armour {unknown}
 o - 2 scrolls of amnesia {unknown}
 p - 2 scrolls of identify


   Skills:
 + Level 6.6 Fighting
 + Level 4.6 Short Blades
 + Level 8.1 Long Blades
 + Level 4.6 Axes
 + Level 4.6 Maces & Flails
 + Level 4.6 Polearms
 + Level 4.6 Staves
 + Level 4.6 Ranged Weapons
 + Level 4.6 Throwing
 + Level 4.6 Armour
 + Level 6.6 Dodging
 + Level 4.6 Stealth
 + Level 4.6 Shields
 + Level 4.6 Unarmed Combat
 + Level 6.9 Spellcasting
 + Level 6.7 Conjurations
 + Level 3.8 Hexes
 + Level 3.8 Summonings
 + Level 3.8 Necromancy
 + Level 3.8 Translocations
 + Level 3.8 Transmutations
 + Level 3.8 Fire Magic
 + Level 3.8 Ice Magic
 + Level 3.8 Air Magic
 + Level 3.8 Earth Magic
 + Level 3.8 Poison Magic
 + Level 5.1 Invocations
 + Level 4.6 Evocations


You had 13 spell levels left.
You knew the following spells:

 Your Spells              Type           Power      Damage    Failure   Level
a - Kiss of Death         Conj/Necr      64%        2d10      1%          1
b - Momentum Strike       Conj/Tloc      32%        3d8       1%          2
c - Hailstorm             Conj/Ice       16%        3d6       2%          3

Your spell library contained the following spells:

 Spells                   Type           Power      Damage    Failure   Level


Dungeon Overview and Level Annotations

Branches:
Dungeon (4/15)
 Temple: D:4-7

Altars:
Gozag
Makhleb
Nemelex Xobeh
Xom

Shops:
D:1 (*[!   D:4 *


Innate Abilities, Weirdness & Mutations

You have very sharp teeth.
Your uncanny sense of smell can sniff out nearby items.
Your experience applies equally to all skills.


Message History

You feel attractive to monsters.
You completely miss something. Your bite misses something.
Something hits you but does no damage. The orc misses you.
You hear some strange, mumbled words.
A puff of flame appears from out of thin air!
The puff of flame hits you.
* * * LOW HITPOINT WARNING * * *
You hear some strange, mumbled words.
You are more confused.
The orc hits you with a +0 dagger.
* * * LOW HITPOINT WARNING * * *
You are too confused!
You closely miss something. Your punch misses something.
You're too confused to move!
Something hits you but does no damage.
Something is attracted toward you. x2; The orc is attracted toward you.
The orc is attracted toward you.
You miss something.
You hear some strange, mumbled words.
Something is attracted toward you.
You bump into the rock wall.
You hit the orc but do no damage. Your bite misses the orc. The orc misses you.
Something hits the orc.
Something is attracted toward you.
You closely miss the orc.
The orc is lightly wounded.
Something hits you.
* * * LOW HITPOINT WARNING * * *
The orc hits you with a +0 dagger.
* * * LOW HITPOINT WARNING * * *
Something completely misses the orc.
You aren't carrying any potions.
You are too confused!
You are too confused!
The orc is attracted toward you.
You closely miss the orc.
The orc is lightly wounded.
You hear some strange, mumbled words.
A magic dart appears from out of thin air!
The magic dart hits you.
You die...
Your body disappears without a glow.

#:.. ..#.# #..#
###.# #..# #.#
#).##########.#
#..#........[.#
#.§#.##########
#§{#.#
#{o#.##############
#.@................
#............######
##...######.##
#...# #.# #...# #.#
#...######.#######
#.......<.........
#.####.#####.###.#
#.........##.# #.[


You could see an orc.

Vanquished Creatures
  Grinder (D:3)
  An orc warrior (D:4)
  A jelly (D:4)
  2 orc wizards
  Terence (D:3)
  9 adders
  7 gnolls
  3 worms
  A dart slug (D:4)
  11 orcs
  7 endoplasms
  4 giant cockroaches
  6 goblins
  6 hobgoblins
  3 quokkas
  6 ball pythons
  5 bats
  2 frilled lizards (D:2)
  8 kobolds
  8 rats
92 creatures vanquished.

Vanquished Creatures (others)
  5 plants (D:3)
  2 withered plants (D:1)
7 creatures vanquished.

Grand Total: 99 creatures vanquished

Notes
Turn   | Place    | Note
-------+----------+-------------------------------------------
     0 | D:1      | garrulousMonolith the Gnoll Reaver began the quest for the
                  | Orb.
     0 | D:1      | Reached XP level 1. HP: 20/20 MP: 6/6
   139 | D:1      | Found Kuatyuth's Distillery.
   190 | D:1      | Found a faded altar of an unknown god.
   486 | D:1      | Reached XP level 2. HP: 25/26 MP: 7/7
   528 | D:1      | Found Mamp's Armour Shop.
   593 | D:1      | Found Muh Upeibipi's Weapon Shop.
   625 | D:1      | Found Vuolykon's Assorted Antiques.
   928 | D:2      | Found a shimmering altar of Xom.
   942 | D:2      | Reached skill level 5 in Spellcasting
   942 | D:2      | Reached XP level 3. HP: 27/31 MP: 7/9
   953 | D:2      | Learned a level 2 spell: Momentum Strike
   957 | D:2      | Learned a level 3 spell: Hailstorm
   970 | D:2      | Reached skill level 1 in Invocations
  1124 | D:2      | Reached skill level 1 in Short Blades
  1124 | D:2      | Reached skill level 1 in Axes
  1124 | D:2      | Reached skill level 1 in Maces & Flails
  1124 | D:2      | Reached skill level 1 in Polearms
  1124 | D:2      | Reached skill level 1 in Staves
  1124 | D:2      | Reached skill level 1 in Ranged Weapons
  1124 | D:2      | Reached skill level 1 in Throwing
  1124 | D:2      | Reached skill level 1 in Armour
  1124 | D:2      | Reached skill level 1 in Stealth
  1124 | D:2      | Reached skill level 1 in Shields
  1124 | D:2      | Reached skill level 1 in Unarmed Combat
  1124 | D:2      | Reached skill level 1 in Evocations
  1467 | D:2      | Reached XP level 4. HP: 38/38 MP: 11/11
  1804 | D:3      | Found a sparkling altar of Nemelex Xobeh.
  1804 | D:3      | Found an opulent altar of Gozag.
  1901 | D:3      | Noticed Terence
  1920 | D:3      | Reached skill level 7 in Long Blades
  1920 | D:3      | Reached XP level 5. HP: 40/47 MP: 12/14
  1933 | D:3      | Killed Terence
  2044 | D:3      | Found a burning altar of Makhleb.
  2569 | D:3      | Reached XP level 6. HP: 27/40 MP: 13/15
  2653 | D:3      | Reached skill level 8 in Long Blades
  2667 | D:3      | HP: 2/41 [gnoll/+0 whip (3)]
  2876 | D:3      | Noticed Grinder
  2888 | D:3      | Paralysed by Grinder for 4 turns
  2895 | D:3      | Killed Grinder
  2896 | D:3      | Reached skill level 5 in Invocations
  2896 | D:3      | Reached XP level 7. HP: 35/48 MP: 13/17
  3096 | D:3      | Became a worshipper of Nemelex Xobeh the Trickster
  3643 | D:1      | Bought a +0 long sword of electrocution for 149 gold pieces
  3810 | D:4      | Found Moihy's General Store.
  4412 | D:4      | HP: 2/54 [orc/+0 dagger (3)]
  4414 | D:4      | Killed from afar by an orc wizard

Illustrated notes

Levels and vault maps discovered:
D:1:      giann_forest_graveyard, layout_basic,
          ebering_ecumenical_altar_petrified, serial_shops,
          nicolae_shop_tiny_glass, nicolae_lakefront_shop, shop,
          nicolae_shop_tiny_real_fake_doors, minmay_hedge_maze
D:2:      layout_loops_cross, basic_altar
D:3:      layout_loops_ring, grunt_temple_overflow_opulence,
          mainiacjoe_overflow_cross_hatched, serial_bayou_crossing,
          uniq_grinder, uniq_terence
D:4:      cheibrodos_helix_gallery, layout_loops_ring, serial_shops,
          kennysheep_mini_moat, minmay_misc_feat_square,
          minmay_increasing_density

Skill      XL: |  1  2  3  4  5  6 |
---------------+-------------------+-----
Spellcasting   | 5 6 |  6.9
Invocations    | 1 4 5 |  5.1
Short Blades   | 1 4 |  4.6
Axes           | 1 4 |  4.6
Maces & Flails | 1 4 |  4.6
Polearms       | 1 4 |  4.6
Staves         | 1 4 |  4.6
Ranged Weapons | 1 4 |  4.6
Throwing       | 1 4 |  4.6
Armour         | 1 4 |  4.6
Stealth        | 1 4 |  4.6
Shields        | 1 4 |  4.6
Unarmed Combat | 1 4 |  4.6
Evocations     | 1 4 |  4.6
Fighting       | 6 |  6.6
Long Blades    | 7 8 |  8.1
Dodging        | 6 |  6.6
Conjurations   | 6 |  6.7
Hexes          | 3 |  3.8
Summonings     | 3 |  3.8
Necromancy     | 3 |  3.8
Translocations | 3 |  3.8
Transmutations | 3 |  3.8
Fire Magic     | 3 |  3.8
Ice Magic      | 3 |  3.8
Air Magic      | 3 |  3.8
Earth Magic    | 3 |  3.8
Poison Magic   | 3 |  3.8

Action                     |  1- 3 |  4- 6 |  7- 9 || total
---------------------------+-------+-------+-------++-------
  Melee: Falchion          |   143 |   116 |       ||   259
         Bite              |    12 |    11 |     9 ||    32
         Punch             |     2 |     7 |     3 ||    12
         Whip              |       |     5 |    57 ||    62
         Long sword        |       |       |    59 ||    59
   Fire: Sling             |    11 |       |       ||    11
  Throw: Dart              |       |     2 |       ||     2
         Throwing net      |       |     1 |       ||     1
   Cast: Kiss of Death     |       |     3 |       ||     3
         Hailstorm         |       |     2 |       ||     2
         Momentum Strike   |       |     1 |       ||     1
    Use: Scroll            |       |     6 |       ||     6
         Potion            |       |     3 |     2 ||     5
   Stab: Sleeping          |       |     1 |     5 ||     6
         Held in net/web   |       |     1 |       ||     1
 Armour: Leather armour    |    20 |    31 |    28 ||    79
  Dodge: Dodged            |    60 |   121 |    63 ||   244

Table legend: (Time is in decaauts)
 A = Elapsed time spent in this place.
 B = Non-inter-level travel time spent in this place.
 C = Inter-level travel time spent in this place.
 D = Time resting spent in this place.
 E = Time spent auto-exploring this place.
 F = Levels seen in this place.
 G = Mean time per level.
                   A        B        C        D        E       F      G
               +--------+--------+--------+--------+--------+-----+--------+
         Total |   4419 |   4046 |    373 |    949 |   2181 |   4 | 1104.8 |
       Dungeon |   4419 |   4046 |    373 |    949 |   2181 |   4 | 1104.8 |
               +--------+--------+--------+--------+--------+-----+--------+

Top non-repeatable levels by time:
     D:3: 1316 daAuts
     D:4: 1132 daAuts
     D:2: 1011 daAuts
     D:1: 958 daAuts
